Map: Dreamcatcher LE

Players

NeXa

  • Race: Protoss Protoss
  • Spawn Location: 11:00

Buster - Winner!

  • Race: Terran Terran
  • Spawn Location: 5:00

Event: WCS Montreal 2018

VOD

Have the link to the VOD?

Description

Time

  • Played on: Sept. 7, 2018, 12:45 p.m.
  • Length: 3:42

All games in this series

Show
View Real Time Build Order
Export as new Build Order

NeXa Protoss 

Build Orders:  

Get SALT Encoding   

  12  0:00  Probe  
  13  0:13  Probe  
  14  0:18  Pylon  
  14  0:25  Probe  
  15  0:34  Probe  
  15  0:38  Gateway  
  15  0:42  Probe  
  16  0:48  Assimilator  
  17  0:51  Probe  
  17  0:56  Assimilator  
  18  1:03  Probe  
  19  1:15  Probe  
  20  1:27  Cybernetics Core  
  20  1:28  Probe  
  21  1:40  Pylon, Probe  
  22  1:52  Probe  
  23  1:54  Adept  
  25  2:13  Robotics Facility  
  24  2:19  Robotics Facility, Stalker  
  24  2:41  Probe  
  25  2:50  Pylon  
  25  2:54  Probe  
Show
View Real Time Build Order
Export as new Build Order

Buster Terran - Winner!

Build Orders: Cyclone Opening 

Get SALT Encoding   

  12  0:00  SCV  
  13  0:13  Supply Depot  
  13  0:19  SCV  
  14  0:31  SCV  
  15  0:37  Barracks  
  15  0:44  Refinery  
  15  0:48  SCV  
  16  0:55  Refinery  
  16  1:00  SCV  
  17  1:12  SCV  
  18  1:26  Reaper, Orbital Command  
  19  1:37  Supply Depot  
  19  1:49  Factory  
  19  1:54  SCV  
  19  2:00  Reaper  
  21  2:06  SCV  
  22  2:18  SCV  
  23  2:30  SCV  
  23  2:32  Cyclone, Reaper  
  28  2:37  Supply Depot  
  28  2:42  SCV  
  29  2:47  Barracks  
  29  2:54  SCV  
  33  3:07  SCV  
  31  3:13  Factory Tech Lab  
  31  3:18  Barracks  
  31  3:19  SCV  
Tags
 
Add a new tag
Caveats
  • Supply blocks, unpowered buildings, or Contaminate may cause inaccurate times.
  • Supply counts are checked every 10 seconds.